Construct Section Command Post
Selects Canadian Shock Battlegroup
Construct Platoon Command Post
Selects Canadian Shock Section
Selects Incendiary Munitions
Construct Company Command Post
Unlock M3 Stuart Light Tanks
6-pounder Anti-tank Gun Team
Selects Churchill Crocodile Heavy Tank
Selects Churchill Crocodile Heavy Tank
Churchill Crocodile Heavy Tank
Construct Company Command Post
6-pounder Anti-tank Gun Team